 Dungeon Crawl Stone Soup version 0.27-a0-998-g4cfe56dd59 (webtiles) character file.

Game seed: 16885374973579162638

4503 karrick the Thaumaturge (level 10, -2/69 HPs)
             Began as a Djinni Fire Elementalist on Apr 17, 2021.
             Slain by a bullfrog (6 damage)
             ... on level 9 of the Dungeon.
             The game lasted 00:25:32 (12355 turns).

karrick the Thaumaturge (Djinni Fire Elementalist) Turns: 12355, Time: 00:25:33

Health: -2/69      AC:  4    Str: 10    XL:     10   Next: 39%
Gold:   411        EV: 13    Int: 17    God:
                   SH:  0    Dex: 14

rFire    + + .     SeeInvis .   k - +2 short sword (elec)
rCold    x . .     Faith    .   (no shield)
rNeg     . . .     Spirit   .   M - +0 leather armour
rPois    ∞         Reflect  .   d - +0 helmet
rElec    .         Harm     .   (no cloak)
rCorr    .         Rampage  .   (no gloves)
Will     +....                  (boots unavailable)
Stlth    ++........             (no amulet)
HPRegen  0.21/turn              (no ring)
MPRegen  0.00/turn              (no ring)

@: flying
A: fire resistance 2, cold vulnerability 1, float, innate caster, hp casting,
extra vitality 1
a: no special abilities


You were on level 9 of the Dungeon.
You visited 2 branches of the dungeon, and saw 10 of its levels.

You collected 411 gold pieces.

Inventory:

Hand Weapons
 b - a +2 antimagic dagger
 k - a +2 short sword of electrocution (weapon)
 u - a +3 dagger
 E - the +3 dire flail "Tucid" {drain, Fly rPois rN+}
   (You found it on level 6 of the Dungeon)

   A truly terrible weapon, it drains the life of those it strikes.
   It protects you from poison.
   It protects you from negative energy.
   It grants you flight.
 K - the +10 long sword of Suam {flame, rC+ rN+++ Str+2 Int-3}
   (You found it on level 9 of the Dungeon)

   It has been specially enchanted to burn those struck by it, causing extra
   injury to most foes and up to half again as much damage against particularly
   susceptible opponents.
   Big, fiery blades are also staple armaments of hydra-hunters.
   It affects your strength (+2).
   It affects your intelligence (-3).
   It protects you from cold.
   It renders you almost immune to negative energy.
Missiles
 r - 5 atropa-tipped darts
 s - 2 throwing nets
 L - 2 curare-tipped darts
Armour
 a - a +0 robe
 d - a +0 helmet (worn)
 A - a +2 scale mail of poison resistance
 D - a scarf of harm
 G - the +1 chain mail of Greed {Drain Str+4 Dex+3 Slay+4}
   (You found it on level 6 of the Dungeon)

   It affects your strength (+4).
   It affects your dexterity (+3).
   It affects your accuracy and damage with ranged weapons and melee attacks
   (+4).
   It drains your maximum health when unequipped.
 H - the +6 chain mail of Rotation {rF+ Dex+3}
   (You found it on level 7 of the Dungeon)

   It affects your dexterity (+3).
   It protects you from fire.
 M - a +0 leather armour (worn)
Magical Staves
 g - a staff of poison
 I - a staff of fire
Wands
 f - a wand of flame (14)
 F - a wand of charming (13)
Scrolls
 e - a scroll of vulnerability {unknown}
 i - 3 scrolls of noise {unknown}
 j - 12 scrolls of identify {unknown}
 n - 2 scrolls of enchant weapon {unknown}
 q - 3 scrolls of teleportation
 t - 4 scrolls of brand weapon {unknown}
 w - 2 scrolls of amnesia {unknown}
 x - 3 scrolls of holy word {unknown}
 y - a scroll of enchant armour {unknown}
 z - 2 scrolls of magic mapping {unknown}
 J - a scroll of blinking {unknown}
Potions
 c - 2 potions of curing {unknown}
 h - 3 potions of ambrosia {unknown}
 l - 2 potions of flight {unknown}
 m - a potion of cancellation {unknown}
 o - 3 potions of degeneration {unknown}
 p - 3 potions of attraction {unknown}
 v - a potion of berserk rage {unknown}
 B - a potion of haste {unknown}
 C - a potion of brilliance {unknown}


   Skills:
 * Level 4.6 Fighting
 + Level 3.4 Short Blades
 + Level 2.1 Armour
 + Level 4.3 Dodging
 + Level 4.5 Stealth
 + Level 10.3 Spellcasting


You had 3 spell levels left.
You knew the following spells:

 Your Spells              Type           Power      Damage    Failure   Level
a - Foxfire               Conj/Fire      100%       2x1d9     1%          1
b - Conjure Flame         Conj/Fire      44%        6-21      1%          3
c - Inner Flame           Hex/Fire       44%        N/A       1%          3
d - Sticky Flame          Conj/Fire      44%        2d6       1%          4
e - Fireball              Conj/Fire      22%        3d10      4%          5
f - Shock                 Conj/Air       100%       1d9       1%          1
g - Passwall              Tmut/Erth      36%        N/A       1%          2
h - Confusing Touch       Hex            44%        N/A       1%          3
i - Animate Armour        Summ/Erth      88%        N/A       1%          4
Your spell library was empty.

Dungeon Overview and Level Annotations

Branches:
Dungeon (9/15)             Temple (1/1) D:6            Lair (0/6) D:9
    Orc: D:9-12

Altars:
Ashenzari
Cheibriados
Dithmenos
Elyvilon
Gozag
Hepliaklqana
Kikubaaqudgha
Makhleb
Nemelex Xobeh
Qazlal
Ru
Sif Muna
Trog
Vehumet
Wu Jian
Xom
Yredelemnul
Zin
The Shining One


Innate Abilities, Weirdness & Mutations

You are immune to poison.
Your flesh is very heat resistant. (rF++)
You are vulnerable to cold. (rC-)
You float through the air rather than walking.
You learn spells naturally, not from books.
Your magical power is your life essence.
You have superior vitality. (+4 HP)


Message History

The acid dragon claws itself.
The bullfrog hits you.
* * * LOW HITPOINT WARNING * * *
Your foxfire dissipates!
The foxfire hits the acid dragon.
The acid dragon is moderately wounded.
The bullfrog completely misses you.
There is an open door here.
The bullfrog hits you.
* * * LOW HITPOINT WARNING * * *
The bullfrog closely misses you. The bullfrog hits you.
* * * LOW HITPOINT WARNING * * *
The bullfrog hits you.
* * * LOW HITPOINT WARNING * * *
You are no longer corroded.
Casting: Foxfire (safe; 1% risk of failure)
Confirm with . or Enter, or press ? or * to list all spells.
You conjure some foxfire!
* * * LOW HITPOINT WARNING * * *
The bullfrog closely misses you.
The bullfrog hits you but does no damage.
Casting: Foxfire (safe; 1% risk of failure)
Confirm with . or Enter, or press ? or * to list all spells.
You conjure some foxfire!
* * * LOW HITPOINT WARNING * * *
The foxfire hits the bullfrog.
The bullfrog is moderately wounded.
The foxfire hits the bullfrog.
The bullfrog is moderately wounded.
The bullfrog closely misses you.
Casting: Foxfire (safe; 1% risk of failure)
Confirm with . or Enter, or press ? or * to list all spells.
You conjure some foxfire!
* * * LOW HITPOINT WARNING * * *
The foxfire hits the bullfrog.
The bullfrog is moderately wounded.
The bullfrog hits you.
* * * LOW HITPOINT WARNING * * *
The bullfrog hits you.
You die...

#..#......Y.YY..# ..
#....####+####### #.
#....# .D: #.
#.##.#.... #.
#....#.... #.
#....#.........#...+F
#....#.........#...#.
#..vv#.........#...#.
#.§v@# ..... #...#.
#.#.F# ... #...#.
#....# #.# #...#z
#....######.####.#.#)
#.##.#.....D...#.#.#.
#....###'###'###...##
#...............z....
#.#........#..#......
#.#.....#............


You could see a bullfrog (ally target).

Vanquished Creatures
  Pikel (D:5)
  An ugly thing (D:8)
  Prince Ribbit (D:6)
  A wyvern (D:7)
  3 yaks (D:9)
  A steam dragon (D:8)
  An acid dragon (D:8)
  2 water moccasins (D:9)
  A hornet zombie (D:6)
  4 black bears (D:9)
  2 necrophages
  A sky beast (D:7)
  3 ogres
  2 lemures (D:5)
  A phantom (D:4)
  2 kobold brigands
  3 centaurs
  4 bullfrogs
  A wyvern zombie (D:6)
  A water moccasin skeleton (D:4)
  4 wights (D:9)
  3 centaur zombies
  A bullfrog zombie (D:6)
  2 jellies
  A hound (D:6)
  A centaur skeleton (D:7)
  An iguana (D:5)
  2 orc wizards (D:6)
  A killer bee zombie (D:7)
  A hound skeleton (D:5)
  2 howler monkey zombies
  Robin (D:4)
  4 adders
  3 gnolls (D:3)
  A shadow imp (D:5)
  A worm (D:2)
  3 dart slugs
  14 orcs
  5 ball pythons
  8 endoplasms
  A giant cockroach (D:1)
  7 hobgoblins
  7 jackals
  4 quokkas
  3 bats
  4 frilled lizards
  15 goblins
  10 kobolds
  3 rats
149 creatures vanquished.

Vanquished Creatures (collateral kills)
  16 foxfires (D:9)
16 creatures vanquished.

Vanquished Creatures (others)
  760 foxfires
  23 fungi (D:9)
  29 plants (D:9)
812 creatures vanquished.

Grand Total: 977 creatures vanquished

Notes
Turn   | Place    | Note
-------+----------+-------------------------------------------
     0 | D:1      | karrick the Djinni Fire Elementalist began the quest for
                  | the Orb.
     0 | D:1      | Reached XP level 1. HP: 15/15 MP: 0/0
   615 | D:1      | Reached skill level 3 in Spellcasting
   625 | D:1      | Reached XP level 2. HP: 15/21 MP: 0/0
  1119 | D:2      | Reached XP level 3. HP: 21/25 MP: 0/0
  1119 | D:2      | Learned a level 1 spell: Shock
  1210 | D:2      | Found a faded altar of an unknown god.
  1461 | D:2      | Found a shimmering altar of Xom.
  2552 | D:2      | Reached XP level 4. HP: 29/31 MP: 0/0
  2869 | D:3      | Reached skill level 4 in Spellcasting
  3531 | D:3      | Reached XP level 5. HP: 31/35 MP: 0/0
  3531 | D:3      | Learned a level 2 spell: Passwall
  3715 | D:4      | Noticed Robin
  3920 | D:4      | Killed Robin
  4181 | D:4      | Noticed a phantom
  4187 | D:4      | Killed a phantom
  4188 | D:4      | Reached skill level 5 in Spellcasting
  4188 | D:4      | Reached XP level 6. HP: 33/40 MP: 0/0
  4604 | D:4      | You are sucked into a shaft and drop 2 floors!
  4623 | D:6      | Noticed Prince Ribbit
  4628 | D:5      | Entered Level 5 of the Dungeon
  4988 | D:4      | Found a snail-covered altar of Cheibriados.
  5169 | D:5      | Reached XP level 7. HP: 43/45 MP: 0/0
  5169 | D:5      | Learned a level 3 spell: Confusing Touch
  5197 | D:5      | Noticed Pikel
  5513 | D:5      | Reached skill level 1 in Short Blades
  5513 | D:5      | Reached skill level 6 in Spellcasting
  5565 | D:5      | HP: 2/45 [Pikel/+2 whip of electrocution (18)]
  5566 | D:5      | Killed Pikel
  5567 | D:5      | Reached skill level 7 in Spellcasting
  5567 | D:5      | Reached XP level 8. HP: 2/51 MP: 0/0
  6202 | D:6      | Identified the +3 dire flail "Tucid" {drain, Fly rPois rN+}
  6214 | D:6      | Found a staircase to the Ecumenical Temple.
  6223 | Temple   | Entered the Ecumenical Temple
  6711 | D:6      | Identified the +1 chain mail of Greed {Drain Str+4 Dex+3
                  | Slay+4}
  6746 | D:6      | Reached skill level 1 in Fighting
  6902 | D:6      | Killed Prince Ribbit
  7082 | D:6      | Found a shadowy altar of Dithmenos.
  7108 | D:6      | Reached skill level 8 in Spellcasting
  7280 | D:6      | Reached XP level 9. HP: 55/58 MP: 0/0
  7280 | D:6      | Learned a level 4 spell: Animate Armour
  8238 | D:7      | Identified the +6 chain mail of Rotation {rF+ Dex+3}
  9406 | D:8      | Reached skill level 9 in Spellcasting
  9560 | D:8      | Noticed a green ugly thing
 10084 | D:9      | Identified the +10 long sword of Suam {flame, rC+ rN+++
                  | Str+2 Int-3}
 10292 | D:8      | Found a glowing golden altar of the Shining One.
 10598 | D:8      | Found a sparkling altar of Nemelex Xobeh.
 10916 | D:9      | Reached XP level 10. HP: 41/67 MP: 0/0
 11097 | D:9      | Found a staircase to the Lair.
 11110 | D:8      | Reached skill level 1 in Armour
 11131 | D:9      | Reached skill level 10 in Spellcasting
 12136 | D:8      | Killed a green ugly thing
 12355 | D:9      | Slain by a bullfrog

Illustrated notes

Levels and vault maps discovered:
D:1:      dpeg_arrival_rhombi, layout_basic
D:2:      layout_basic, hellmonk_ecumenical_altar_inner_sanctum, basic_altar
D:3:      layout_basic, chequers_serial_rivers_room_a, kennysheep_pointless_box,
          kennysheep_minor_cross
D:4:      layout_loops_ring, cheibriados_altar_1,
          hangedman_abyss_or_decor_stagger, uniq_robin
D:5:      layout_rooms, uniq_pikel
D:6:      layout_basic, kennysheep_mini_moat,
          nicolae_dithmenos_through_a_glass_darkly,
          minmay_temple_entry_junction_2, uniq_prince_ribbit1
D:7:      layout_loops_cross, serial_rivers, chequers_serial_rivers_micro_c,
          chequers_serial_rivers_room_b, chequers_serial_rivers_marsh,
          chequers_serial_rivers_micro_d
D:8:      layout_cave_pools, lemuel_round_altar, tso_oasis_becter,
          ploomutoo_gammafunk_ghost_potion_laboratory
D:9:      layout_stronghold, due_lair_maze_entry_diamond
Temple:   dpeg_chambers_temple

Skill      XL: |  1  2  3  4  5  6  7  8  9 10 |
---------------+-------------------------------+-----
Spellcasting   | 3 4 5 7 8 9 10 | 10.3
Stealth        | 2 3 4 |  4.5
Short Blades   | 1 2 3 |  3.4
Dodging        | 3 4 |  4.3
Fighting       | 1 3 4 |  4.6
Armour         | 2 |  2.1

Action                   |  1- 3 |  4- 6 |  7- 9 | 10-12 || total
-------------------------+-------+-------+-------+-------++-------
Melee: Dagger            |     5 |     8 |       |       ||    13
       Short sword       |       |       |    23 |    34 ||    57
 Cast: Foxfire           |    76 |   119 |   235 |    59 ||   489
       Confusing Touch   |       |       |     1 |     7 ||     8
  Use: Potion            |       |     1 |     2 |       ||     3
       Scroll            |       |     1 |     1 |     1 ||     3
 Stab: Confused          |       |       |       |     2 ||     2
Armor: Robe              |     1 |     4 |     9 |       ||    14
       Leather armour    |       |       |       |     5 ||     5
Dodge: Dodged            |     6 |    21 |    51 |    14 ||    92

Table legend: (Time is in decaauts)
 A = Elapsed time spent in this place.
 B = Non-inter-level travel time spent in this place.
 C = Inter-level travel time spent in this place.
 D = Time resting spent in this place.
 E = Time spent auto-exploring this place.
 F = Levels seen in this place.
 G = Mean time per level.
                   A        B        C        D        E       F      G
               +--------+--------+--------+--------+--------+-----+--------+
         Total |  12365 |  11880 |    485 |   1778 |   8376 |  10 | 1236.5 |
       Dungeon |  11986 |  11561 |    425 |   1778 |   8070 |   9 | 1331.8 |
        Temple |    378 |    318 |     60 |      0 |    306 |   1 |  378.0 |
               +--------+--------+--------+--------+--------+-----+--------+

Top non-repeatable levels by time:
     D:2: 1691 daAuts
     D:6: 1667 daAuts
     D:9: 1501 daAuts
     D:8: 1420 daAuts
     D:7: 1372 daAuts
     D:5: 1194 daAuts
     D:4: 1192 daAuts
     D:1: 1030 daAuts
     D:3: 915 daAuts
  Temple: 378 daAuts
